 Dungeon Crawl Stone Soup version 0.17.1-3-g152610e (webtiles) character file.

373 kaze the Skirmisher (level 6, 0/39 HPs)
             Began as a Gargoyle Berserker on Mar 12, 2016.
             Was a Priest of Trog.
             Killed from afar by an orc wizard (5 damage)
             ... with a puff of flame
             ... on level 4 of the Dungeon.
             The game lasted 00:08:35 (3015 turns).

kaze the Skirmisher (Gargoyle Berserker)            Turns: 3015, Time: 00:08:36

Health: 0/39       AC: 13    Str: 23    XL:     6   Next: 71%
Magic:  6/6        EV:  9    Int:  7    God:    Trog [***...]
Gold:   159        SH:  0    Dex:  9    Spells: 0 memorised, 5 levels left

rFire  . . .     SeeInvis .     q - +2 spear (pierce)
rCold  . . .     Clarity  .     t - +0 chain mail
rNeg   + . .     SustAt   .     (no shield)
rPois  ∞         Gourm    .     (no helmet)
rElec  +         Spirit   .     (no cloak)
rCorr  .         Warding  .     (no gloves)
rMut   .         Stasis   .     (no boots)
MR     .....                    (no amulet)
Stlth  ..........               (no ring)
                                (no ring)

@: exhausted, slowed, very slow, not resistant to hostile enchantments,
extremely unstealthy
A: negative energy resistance 1, electricity resistance, unbreathing,
petrification resistance, rot immunity, AC +4
a: Berserk, Trog's Hand, Burn Spellbooks, Renounce Religion


You were on level 4 of the Dungeon.
You worshipped Trog.
Trog was most pleased with you.
You were very hungry.

You visited 1 branch of the dungeon, and saw 4 of its levels.

You collected 159 gold pieces.

Inventory:

Hand Weapons
 a - a +0 mace
 q - a +2 spear of piercing (weapon)
Missiles
 d - 5 tomahawks (quivered)
Armour
 t - a +0 chain mail (worn)
Scrolls
 f - a scroll of teleportation
 i - 4 scrolls of identify
 k - a scroll of remove curse
 l - a scroll of recharging {unknown}
Potions
 b - a potion of berserk rage {unknown}
 e - a potion of curing {unknown}
 g - a potion of poison {unknown}
 j - a potion of degeneration {unknown}
 o - 2 potions of might {unknown}
 p - a potion of haste {unknown}
Comestibles
 c - 5 bread rations
 h - 3 fruits
 m - 2 meat rations
 n - a slice of pizza


   Skills:
 + Level 4.5 Fighting
 + Level 4.3 Maces & Flails
 + Level 0.3 Polearms
 + Level 0.1 Throwing
 + Level 3.8 Armour
 + Level 3.4 Dodging
 - Level 0.8 Stealth


You had 5 spell levels left.
You didn't know any spells.

Dungeon Overview and Level Annotations

Branches:
Dungeon (4/15)
 Temple: D:4-7

Altars:
Dithmenos


Innate Abilities, Weirdness & Mutations

You are resistant to torment.
Your stone body is resilient (AC +4).
You are immune to poison.
You resist negative energy.
You are resistant to electric shocks.
You can survive without breathing.
You are immune to petrification.
You are immune to rotting.


Message History

* * * LOW HITPOINT WARNING * * *
You barely miss something. The orc wizard barely misses you.
Something hits you but does no damage. The orc hits you with a dagger.
* * * LOW HITPOINT WARNING * * *
The orc hits you but does no damage.
The orc wizard hits you but does no damage.
Something hits you but does no damage. The orc completely misses you.
You miss something. The orc barely misses you.
The orc wizard hits you but does no damage.
The orc hits you but does no damage. Something hits you but does no damage.
The orc barely misses you.
You closely miss something.
The orc wizard hits you but does no damage.
You hear some strange, mumbled words.
Something tries to affect you, but you resist.
The orc hits you but does no damage. The orc hits you with a mace.
* * * LOW HITPOINT WARNING * * *
The orc wizard gestures at you while chanting.
The puff of flame hits you!
You die...

.........##.#...)#.## #
..##.######.#......#
..##...####....#..##
....##.#.......#.##
....##...........#
.#....#.#####....# .##[....#
#...#.# ..#....#####...#{###
## .....#...##.....@oo## .#
................ooo%###.#
.#.#.............#o.....###..
.#(#.####........#...........
.....# #.#.........)........
..#..####........####........
......<...#......## ###..##..
.....######.......### ###
##.....####...........


You could see an orc priest, an orc wizard and 4 orcs.

Vanquished Creatures
  A giant frog (D:3)
  A centaur zombie (D:3)
  A giant frog skeleton (D:4)
  A hound (D:4)
  A centaur skeleton (D:4)
  3 gnolls (D:3)
  6 adders
  A worker ant zombie (D:3)
  3 worms
  2 giant geckos
  3 orcs
  A ball python (D:2)
  3 giant cockroaches
  9 goblins
  8 hobgoblins
  13 jackals
  9 kobolds
  A quokka (D:3)
  5 bats
  A giant gecko skeleton (D:3)
  A giant gecko zombie (D:3)
  2 giant newts (D:1)
  A jackal skeleton (D:3)
  2 quokka skeletons
  4 rats
83 creatures vanquished.

Notes
Turn   | Place    | Note
--------------------------------------------------------------
     0 | D:1      | kaze the Gargoyle Berserker began the quest for the Orb.
     0 | D:1      | Reached XP level 1. HP: 14/14 MP: 1/1
   298 | D:1      | Reached XP level 2. HP: 13/19 MP: 2/2
   790 | D:1      | Reached XP level 3. HP: 21/23 MP: 3/3
  1088 | D:2      | Found a shadowy altar of Dithmenos.
  1104 | D:2      | Reached ** piety under Trog
  1571 | D:3      | Noticed a giant frog
  1577 | D:3      | Killed a giant frog
  1577 | D:3      | Reached skill level 4 in Fighting
  1577 | D:3      | Reached XP level 4. HP: 29/29 MP: 4/4
  1577 | D:3      | Reached XP level 5. HP: 33/33 MP: 5/5
  2149 | D:3      | Reached *** piety under Trog
  2336 | D:3      | Reached XP level 6. HP: 39/39 MP: 6/6
  3015 | D:4      | Killed from afar by an orc wizard

Action                   |  1- 3 |  4- 6 || total
-------------------------+-------+-------++-------
Melee: Mace              |   143 |    22 ||   165
       Spear             |       |   162 ||   162
Throw: Tomahawk          |     1 |       ||     1
Invok: Berserk           |     2 |     2 ||     4
  Use: Scroll            |       |     6 ||     6
  Eat: Chunk             |     3 |     7 ||    10
